 Dungeon Sprint DCSS version 0.29-a0-892-g2c4c91d9db (webtiles) character file.

Game seed: 11691561437201953131

115491460 mhtbhm the Conqueror (level 21, 163/163 HPs)
             Began as a Gargoyle Fighter on July 23, 2022.
             Was an Initiate of Gozag.
             Escaped with the Orb
             ... and 17 runes!
             The game lasted 00:34:18 (15788 turns).

mhtbhm the Conqueror (Gargoyle Fighter)            Turns: 15788, Time: 00:34:18

Health: 163/163    AC: 63    Str: 39    XL:     21   Next: 95%
Magic:  42/42      EV: 26    Int: 14    God:    Gozag
Gold:   4875       SH: 29    Dex: 14    Spells: 37/37 levels left

rFire   + + +      SeeInvis +   y - +9 morningstar (holy)
rCold   + + .      Faith    .   c - +4 tower shield of Ruzus {Contam Harm rN+++ Str+4}
rNeg    + + +      Spirit   .   b - +10 plate armour {rC+}
rPois   ∞          Reflect  .   F - +2 helmet {SInv}
rElec   +          Harm     +   v - +1 cloak of Starlight {*Dazzle EV+4 Stlth--}
rCorr   +          Rampage  .   w - +1 pair of gloves of Sophism {Drain rElec Regen+ rCorr}
Will    +....      NoTele   +   B - +2 pair of boots
Stlth   ++........              A - amulet of regeneration
HPRegen 1.97/turn               Q - ring "Soxzoeph" {rF++ Str+6 Int+3 Dex+3}
MPRegen 0.28/turn               O - ring "Wosigu" {rF+ rC+ rN+ MP+9 Slay+3}

@: gold aura, flying
A: sickness immunity, AC +16, big wings, negative energy resistance 1,
electricity resistance, torment resistance 1, petrification resistance, thin
skeletal structure 1
0: Orb of Zot
}: 17/17 runes: decaying, serpentine, barnacled, slimy, elven, silver, golden,
iron, obsidian, icy, bone, abyssal, glowing, magical, fiery, dark, gossamer
a: Renounce Religion, Potion Petition, Call Merchant, Bribe Branch


You escaped.
You worshipped Gozag.
Gozag was most pleased with you.
You visited 1 branch You collected 57792 gold pieces.
You spent 10145 gold pieces at shops.
You paid 42772 gold pieces to Gozag.

Inventory:

Hand Weapons
 a - a +1 morningstar of holy wrath
 x - a +9 eveningstar of protection
 y - a +9 morningstar of holy wrath (weapon)
 N - a +4 demon whip of flaming
Missiles
 p - 5 silver javelins
 r - 8 boomerangs (quivered)
 u - 4 curare-tipped darts
 J - 2 javelins
Armour
 b - a +10 plate armour of cold resistance (worn)
 c - the +4 tower shield of Ruzus (worn) {Contam Harm rN+++ Str+4}
   (You bought it in a shop in the Dungeon)

   Str:       It affects your strength (+4).
   rN:        It renders you almost immune to negative energy.
   Contam:    It causes magical contamination when unequipped.
   Harm:      It increases damage dealt and taken.
 n - the +2 hat of the Bear Spirit {Spirit, *Rage Will++}
   (You bought it in a shop in the Dungeon)

   Going berserk makes the wearer tougher, and they're slowed less afterward.
   *Rage:     It berserks you when you make melee attacks (+20% chance).
   Will:      It greatly increases your willpower.
 v - the +1 cloak of Starlight (worn) {*Dazzle EV+4 Stlth--}
   (You bought it in a shop in the Dungeon)

   It may blind those who miss an attack against the wearer in melee combat.
   EV:        It affects your evasion (+4).
   Stlth:     It makes you much less stealthy.
 w - the +1 pair of gloves of Sophism (worn) {Drain rElec Regen+ rCorr}
   (You bought it in a shop in the Dungeon)

   rElec:     It insulates you from electricity.
   Regen:     It increases your rate of health regeneration.
   rCorr:     It protects you from acid and corrosion.
   Drain:     It drains your maximum health when unequipped.
 B - a +2 pair of boots (worn)
 E - the +2 cloak of the Jackalope {rN++}
   (You bought it in a shop in the Dungeon)

   rN:        It greatly protects you from negative energy.
 F - a +2 helmet of see invisible (worn)
 K - a +2 pair of gloves of strength
Jewellery
 t - the ring of Syttyen {rCorr Slay+4}
   (You bought it in a shop in the Dungeon)

   [ring of slaying]

   Slay:      It affects your accuracy & damage with ranged weapons and melee
   (+4).
   rCorr:     It protects you from acid and corrosion.
 A - an amulet of regeneration (around neck)
 O - the ring "Wosigu" (right hand) {rF+ rC+ rN+ MP+9 Slay+3}
   (You found it in the Dungeon)

   [ring of slaying]

   Slay:      It affects your accuracy & damage with ranged weapons and melee
   (+3).
   rF:        It protects you from fire.
   rC:        It protects you from cold.
   rN:        It protects you from negative energy.
   MP:        It affects your magic capacity (+9).
 Q - the ring "Soxzoeph" (left hand) {rF++ Str+6 Int+3 Dex+3}
   (You found it in the Dungeon)

   [ring of intelligence]

   Str:       It affects your strength (+6).
   Int:       It affects your intelligence (+3).
   Dex:       It affects your dexterity (+3).
   rF:        It greatly protects you from fire.
 R - the ring "Xorphylla" {Fire Int+4}
   (You found it in the Dungeon)

   [ring of fire]

   It enhances your fire magic.
   Int:       It affects your intelligence (+4).
   rF:        It protects you from fire.
   rC:        It makes you vulnerable to cold.
Wands
 l - a wand of roots (14)
 D - a wand of charming (5)
 M - a wand of mindburst (8)
Scrolls
 g - 2 scrolls of butterflies
 j - 2 scrolls of blinking
 k - 2 scrolls of amnesia
 q - a scroll of immolation
 s - 4 scrolls of enchant armour
 H - a scroll of poison
 T - a scroll of fear
Potions
 d - 4 potions of brilliance
 e - 14 potions of heal wounds
 h - 9 potions of magic
 i - 7 potions of curing
 o - a potion of berserk rage
 G - 3 potions of mutation
 S - a potion of resistance
 V - a potion of haste
Miscellaneous
 z - the horn of Geryon
 C - a condenser vane
 X - a lightning rod (4/4)


   Skills:
 O Level 27 Fighting
 - Level 2.7(3.3) Short Blades
 - Level 2.6(3.2) Long Blades
 - Level 2.6(16.9) Axes
 O Level 27 Maces & Flails
 - Level 2.6(3.7) Polearms
 - Level 2.9(18.3) Staves
 - Level 2.9 Ranged Weapons
 O Level 27 Throwing
 O Level 27 Armour
 O Level 27 Dodging
 O Level 27 Stealth
 O Level 27 Shields
 - Level 5.7 Unarmed Combat
 + Level 8.8 Spellcasting
 + Level 10.4 Conjurations
 + Level 8.8 Hexes
 + Level 8.8 Summonings
 + Level 7.6 Necromancy
 + Level 8.3 Translocations
 + Level 7.5 Transmutations
 + Level 9.1 Fire Magic
 + Level 9.1 Ice Magic
 + Level 7.6 Air Magic
 + Level 10.8 Earth Magic
 + Level 9.1 Poison Magic
 - Level 3.3 Invocations
 O Level 27 Evocations


You had 37 spell levels left.
You didn't know any spells.
Your spell library contained the following spells:

 Spells                   Type           Power      Damage    Failure   Level
 Sting                    Tmut/Pois      100%       1d8       1%          1
 Poisonous Vapours        Pois/Air       58%        N/A       1%          2
 Olgreb's Toxic Radiance  Pois           31%        N/A       6%          4


Dungeon Overview and Level Annotations

Branches:
Dungeon (1/1)

Altars:
Cheibriados
Dithmenos
Elyvilon
Fedhas
Gozag
Hepliaklqana
Kikubaaqudgha
Makhleb
Nemelex Xobeh
Okawaru
Qazlal
Ru
Sif Muna
Trog
Uskayaw
Vehumet
Wu Jian
Xom
Yredelemnul
Zin
The Shining One
Jiyva
Lugonu

Shops:
D *([!*[?*[[**=**!((**?**


Innate Abilities, Weirdness & Mutations

You are immune to sickness and miasma.
Your stone body is resilient. (AC +16)
You are immune to poison.
Your large and strong wings let you fly.
You resist negative energy. (rN+)
You are resistant to electric shocks. (rElec)
You are resistant to unholy torment.
You are immune to petrification.
You have a somewhat thin skeletal structure. (Dex +2, Stealth+)


Message History

There is an opulent altar of Gozag here.
There is a blossoming altar of Fedhas here.
There is a white marble altar of Elyvilon here.
There is a shadowy altar of Dithmenos here.
There is a snail-covered altar of Cheibriados here.
There is a roughly hewn altar of Beogh here.
There is an open door to the Temple, spattered with blood here.
Things that are here:
a +0 chain mail; a +3 great sword
There is an open door here.
There is an open door to the Dungeon, spattered with blood here.
You see here a +0 dagger.
The great orb of eyes gazes at you.
You are confused.
You bump into the unnaturally hard rock wall.
You bump into the unnaturally hard rock wall.
You bump into the unnaturally hard rock wall.
You bump into the unnaturally hard rock wall.
The great orb of eyes closely misses you.
You sock the great orb of eyes!
The great orb of eyes is lightly wounded.
You bump into the unnaturally hard rock wall.
You feel less confused. The great orb of eyes misses you.
The great orb of eyes's sight is seared by the starlight!
You impale the great orb of eyes!!
The great orb of eyes is severely wounded.
The great orb of eyes gazes at you.
You easily resist.
You strike the helpless great orb of eyes from behind!
You perforate the great orb of eyes like a sieve!!!
You kill the great orb of eyes!
You now have 4875 gold pieces (gained 81).
There is an open door to the Dungeon, spattered with blood here.
You see here a +0 dagger.
Unknown command.
There is an open door to the Dungeon, spattered with blood here.
You see here a +0 dagger.
There is a staircase leading out of the dungeon here.
You have escaped!

▓.........[...'[))
▓.▓▓▓▓▓▓▓▓▓▓▓▓▓▓▓▓
▓......[..........
▓▓▓▓▓▓▓▓▓▓▓▓▓▓▓▓▓▓
▓.......'.......[.
▓.▓▓▓▓▓▓▓▓▓▓▓▓▓▓▓▓
▓.................
▓▓▓▓▓▓▓▓▓▓▓▓▓▓▓▓▓▓
▓@...).....'....['
▓▓▓▓▓▓▓▓▓▓▓▓▓▓▓▓▓▓


There were no monsters in sight!

Vanquished Creatures
  Cerebov (D)
  Antaeus (D)
  Asmodeus (D)
  the Royal Jelly (D)
  A pandemonium lord (D)
  Ereshkigal (D)
  Gloorx Vloq (D)
  Lom Lobon (D)
  Mnoleg (D)
  Dispater (D)
  3 ancient liches (D)
  5 orbs of fire (D)
  Mennas (D)
  5 royal mummies (D)
  Sojobo (D)
  Boris (D)
  A Killer Klown (D)
  Margery (D)
  Frederick (D)
  Geryon (D)
  5 golden dragons (D)
  Nikola (D)
  A Brimstone Fiend (D)
  A Tzitzimitl (D)
  2 electric golems (D)
  4 Hell Sentinels (D)
  3 tentacled monstrosities (D)
  An Ice Fiend (D)
  8 liches (D)
  32 Orb Guardians (D)
  10 acid blobs (D)
  4 deep elf blademasters (D)
  A quicksilver dragon (D)
  3 Executioners (D)
  A death cob (D)
  12 sphinxes (D)
  7 shadow dragons (D)
  Kirke (D)
  3 tengu reavers (D)
  7 storm dragons (D)
  4 nagarajas (D)
  3 draconian monks (D)
  6 azure jellies (D)
  7 rockslimes (D)
  3 fire giants (D)
  Louise (D)
  A frost giant (D)
  5 vault wardens (D)
  An orc warlord (D)
  A draconian scorcher (D)
  5 ghost moths (D)
  Aizul (D)
  6 emperor scorpions (D)
  An angel (D)
  A war gargoyle (D)
  A spriggan defender (D)
  A draconian annihilator (D)
  2 ironbound preservers (D)
  A reaper (D)
  6 stone giants (D)
  4 draconian shifters (D)
  2 quicksilver oozes (D)
  Nessos (D)
  7 vampire knights (D)
  An ironbound thunderhulk (D)
  2 very ugly things (D)
  2 lorocyprocas (D)
  2 green draconians (D)
  3 black draconians (D)
  A dire elephant (D)
  4 deep elf demonologists (D)
  4 yellow draconians (D)
  3 purple draconians (D)
  An entropy weaver (D)
  3 white draconians (D)
  A deep elf annihilator (D)
  5 red draconians (D)
  A bunyip (D)
  2 blizzard demons (D)
  Snorg (D)
  3 deep elf death magi (D)
  4 ettins (D)
  2 mummy priests (D)
  2 merfolk impalers (D)
  3 fire dragons (D)
  4 deep elf high priests (D)
  3 merfolk javelineers (D)
  6 great orbs of eyes (D)
  25 vault guards (D)
  2 yaktaur captains (D)
  9 hydras (D)
  2 rakshasas (D)
  7 ice dragons (D)
  5 boulder beetles (D)
  A peacekeeper (D)
  3 merfolk avatars (D)
  A hell beast (D)
  3 naga warriors (D)
  3 centaur warriors (D)
  A ghost crab (D)
  2 anacondas (D)
  A merfolk aquamancer (D)
  An alligator (D)
  A death yak (D)
  2 tengu warriors (D)
  A deep troll shaman (D)
  A shock serpent (D)
  Urug (D)
  Nergalle (D)
  6 hell knights (D)
  A wretched star (D)
  Sonja (D)
  A salamander mystic (D)
  A pharaoh ant (D)
  A spriggan druid (D)
  2 swamp dragons (D)
  2 wizards (D)
  A sea snake (D)
  3 ironbound convokers (D)
  11 orc knights (D)
  A phantasmal warrior (D)
  An orc sorcerer (D)
  A necromancer (D)
  An oklob plant (D)
  2 will-o-the-wisps (D)
  2 manticores (D)
  3 wolf spiders (D)
  A cyclops (D)
  7 moths of wrath (D)
  2 ugly things (D)
  A salamander (D)
  3 naga magi (D)
  A rust devil (D)
  A torpor snail (D)
  A vault sentinel (D)
  3 black mambas (D)
  4 guardian serpents (D)
  A smoke demon (D)
  A large abomination (D)
  3 cane toads (D)
  4 hellions (D)
  An efreet (D)
  A tengu conjurer (D)
  3 komodo dragons (D)
  A rime drake (D)
  3 demonic crawlers (D)
  An ancient zyme (D)
  A wandering mushroom (D)
  2 tormentors (D)
  21 guardian mummies (D)
  2 trolls (D)
  A red devil (D)
  A queen bee (shapeshifter) (D)
  3 tyrant leeches (D)
  A tarantella (D)
  5 merfolk (D)
  A blink frog (D)
  3 slime creatures (D)
  3 snapping turtles (D)
  3 culicivoras (D)
  11 spriggans (D)
  A shadow (D)
  A wyvern (D)
  A wraith (D)
  A water elemental (D)
  2 yaks (D)
  Grum (D)
  A vampire (D)
  A golden eye (D)
  Eustachio (D)
  5 hogs (D)
  3 chaos spawn (D)
  3 vampire mosquitoes (D)
  2 neqoxecs (D)
  A naga (D)
  2 acid dragons (D)
  4 water moccasins (D)
  A swamp drake (D)
  A small abomination (D)
  4 floating eyes (D)
  15 orc warriors (D)
  A boggart (D)
  4 wolves (D)
  4 bullfrogs (D)
  A necrophage (D)
  A wight (D)
  A hound (D)
  4 orc priests (D)
  A jelly (D)
  An iguana (D)
  3 orc wizards (D)
  A shadow imp (D)
  An ufetubus (D)
  7 orcs (D)
  A goblin (D)
  3 hobgoblins (D)
  A ball python skeleton (D)
  A bat (D)
573 creatures vanquished.

Vanquished Creatures (others)
  Ilsuiw (D)
  A vampire knight (D)
  2 hydras (D)
  A merfolk aquamancer (D)
  A swamp dragon (D)
  A wraith (D)
  2 ball lightnings (D)
  A block of ice (D)
10 creatures vanquished.

Grand Total: 583 creatures vanquished

Notes
Turn   | Place    | Note
-------+----------+-------------------------------------------
     0 | D        | mhtbhm the Gargoyle Fighter began the quest for the Orb.
     0 | D        | Reached XP level 1. HP: 14/14 MP: 1/1
   140 | D        | Noticed a necrophage
   140 | D        | Noticed a jelly
   140 | D        | Noticed a hound
   140 | D        | Noticed an iguana
   154 | D        | Killed a necrophage
   155 | D        | Reached skill level 5 in Fighting
   155 | D        | Reached skill level 5 in Armour
   155 | D        | Reached skill level 5 in Shields
   155 | D        | Reached XP level 2. HP: 18/21 MP: 2/2
   155 | D        | Reached XP level 3. HP: 22/26 MP: 3/3
   155 | D        | Reached XP level 4. HP: 27/31 MP: 4/4
   174 | D        | Reached skill level 5 in Maces & Flails
   174 | D        | Reached XP level 5. HP: 17/36 MP: 5/5
   176 | D        | Reached skill level 1 in Dodging
   187 | D        | Found a snail-covered altar of Cheibriados.
   187 | D        | Found a shadowy altar of Dithmenos.
   187 | D        | Found a white marble altar of Elyvilon.
   187 | D        | Found a blossoming altar of Fedhas.
   187 | D        | Found an opulent altar of Gozag.
   188 | D        | Found a hazy altar of Hepliaklqana.
   189 | D        | Found a viscous altar of Jiyva.
   190 | D        | Found an ancient bone altar of Kikubaaqudgha.
   191 | D        | Found a corrupted altar of Lugonu.
   192 | D        | Found a burning altar of Makhleb.
   193 | D        | Found a sparkling altar of Nemelex Xobeh.
   194 | D        | Found an iron altar of Okawaru.
   195 | D        | Became a worshipper of Gozag Ym Sagoz the Greedy
   196 | D        | Found a stormy altar of Qazlal.
   197 | D        | Found a sacrificial altar of Ru.
   198 | D        | Found a shimmering blue altar of Sif Muna.
   199 | D        | Found a bloodstained altar of Trog.
   200 | D        | Found a hide-covered altar of Uskayaw.
   201 | D        | Found a radiant altar of Vehumet.
   202 | D        | Found an ornate altar of the Wu Jian Council.
   203 | D        | Found a shimmering altar of Xom.
   204 | D        | Found a basalt altar of Yredelemnul.
   205 | D        | Found a glowing silver altar of Zin.
   206 | D        | Found a glowing golden altar of the Shining One.
   445 | D        | Noticed a yak
   445 | D        | Noticed a vampire
   445 | D        | Noticed a troll
   445 | D        | Noticed a wraith
   457 | D        | Killed a yak
   458 | D        | Reached XP level 6. HP: 20/44 MP: 6/6
   465 | D        | Killed a vampire
   466 | D        | Reached XP level 7. HP: 44/49 MP: 7/7
   474 | D        | Killed a troll
   475 | D        | Reached skill level 10 in Maces & Flails
   486 | D        | Killed a wraith
   487 | D        | Reached XP level 8. HP: 24/56 MP: 8/8
   667 | D        | Noticed a troll
   667 | D        | Noticed a shadow
   667 | D        | Noticed a wraith
   667 | D        | Noticed a manticore
   667 | D        | Noticed a centaur warrior
   667 | D        | Noticed a cyclops
   676 | D        | Killed a troll
   677 | D        | Reached skill level 1 in Stealth
   685 | D        | Killed a wraith
   689 | D        | Killed a shadow
   690 | D        | Killed a manticore
   704 | D        | Killed a centaur warrior
   705 | D        | Reached skill level 10 in Fighting
   705 | D        | Reached XP level 9. HP: 24/62 MP: 9/9
   710 | D        | Killed a cyclops
  1031 | D        | Noticed an oklob plant
  1031 | D        | Noticed a komodo dragon
  1031 | D        | Noticed a cane toad
  1031 | D        | Noticed a komodo dragon
  1032 | D        | Noticed a torpor snail
  1301 | D        | Killed an oklob plant
  1302 | D        | Reached skill level 10 in Armour
  1306 | D        | Noticed a death yak
  1311 | D        | Killed a komodo dragon
  1314 | D        | Noticed a six-headed hydra
  1319 | D        | Killed a cane toad
  1320 | D        | Reached skill level 5 in Dodging
  1320 | D        | Reached skill level 10 in Shields
  1320 | D        | Reached skill level 1 in Evocations
  1320 | D        | Reached XP level 10. HP: 68/68 MP: 10/10
  1332 | D        | Reached skill level 15 in Maces & Flails
  1332 | D        | Reached skill level 5 in Stealth
  1337 | D        | Killed a torpor snail
  1349 | D        | Killed a death yak
  1356 | D        | HP: 3/70 [six-headed hydra (7)]
  1358 | D        | Killed a six-headed hydra
  1707 | D        | Noticed a cane toad
  1776 | D        | Killed a cane toad
  1777 | D        | Reached XP level 11. HP: 45/76 MP: 11/11
  2272 | D        | Noticed Sonja
  2278 | D        | Killed Sonja
  2671 | D        | Bought a glowing morningstar for 231 gold pieces
  2673 | D        | Noticed an orc knight
  2674 | D        | Noticed an orc sorcerer
  2687 | D        | Killed an orc knight
  2704 | D        | Killed an orc sorcerer
  2874 | D        | Found Ydum's Armour Emporium.
  2874 | D        | Noticed an orc knight
  2874 | D        | Noticed an orc knight
  2874 | D        | Noticed an orc knight
  2874 | D        | Noticed an orc knight
  2875 | D        | Noticed an orc knight
  2879 | D        | Noticed an orc knight
  3129 | D        | Killed an orc knight
  3351 | D        | Killed an orc knight
  3576 | D        | Killed an orc knight
  3577 | D        | Reached skill level 15 in Fighting
  3659 | D        | Killed an orc knight
  3754 | D        | Killed an orc knight
  4201 | D        | Killed an orc knight
  4202 | D        | Reached XP level 12. HP: 34/88 MP: 12/12
  4418 | D        | Found Vucvek's Jewellery Shoppe.
  4422 | D        | Found Nemidat's General Store.
  4426 | D        | Found Zadig's Antique Weapon Shoppe.
  5276 | D        | Bought a scroll of enchant weapon for 97 gold pieces
  5280 | D        | Bought the +1 cloak of Starlight {*Dazzle EV+4 Stlth--} for
                  | 335 gold pieces
  5280 | D        | Found the +1 cloak of Starlight {*Dazzle EV+4 Stlth--}
  5280 | D        | Bought the +1 pair of gloves of Sophism {Drain rElec Regen+
                  | rCorr} for 258 gold pieces
  5289 | D        | Bought a glowing eveningstar for 396 gold pieces
  5289 | D        | Bought a glowing morningstar for 154 gold pieces
  5319 | D        | Noticed Eustachio
  5323 | D        | Noticed Grum
  5335 | D        | Killed Eustachio
  5341 | D        | Killed Grum
  5639 | D        | Bought the ring of Syttyen {rCorr Slay+4} for 906 gold
                  | pieces
  5770 | D        | Noticed a centaur warrior
  5770 | D        | Noticed a boulder beetle
  5770 | D        | Noticed a centaur warrior
  5777 | D        | Killed a centaur warrior
  5778 | D        | Reached skill level 1 in Throwing
  5784 | D        | Noticed an ettin
  5788 | D        | Reached skill level 10 in Stealth
  5788 | D        | Noticed a rakshasa
  5790 | D        | Killed a boulder beetle
  5798 | D        | Killed a centaur warrior
  5799 | D        | Noticed an ice dragon
  5808 | D        | Noticed a fire dragon
  5823 | D        | Killed a rakshasa
  5832 | D        | Noticed a stone giant
  5835 | D        | Killed an ettin
  5835 | D        | Noticed a fire giant
  5849 | D        | Killed an ice dragon
  5890 | D        | Noticed a rakshasa
  5898 | D        | Killed a fire dragon
  5905 | D        | Killed a stone giant
  5919 | D        | Killed a rakshasa
  5922 | D        | Killed a fire giant
  5923 | D        | Reached XP level 13. HP: 81/99 MP: 13/13
  6012 | D        | Noticed Urug
  6022 | D        | Killed Urug
  6050 | D        | Noticed Nessos
  6073 | D        | Killed Nessos
  6227 | D        | Noticed an entropy weaver
  6251 | D        | Killed a ghost moth
  6454 | D        | Killed an entropy weaver
  6536 | D        | Reached skill level 10 in Dodging
  6690 | D        | Noticed a bunyip
  6711 | D        | Killed a bunyip
  6780 | D        | Bought a vibrating amber ring for 145 gold pieces
  6780 | D        | Identified the ring "Seggov" {rPois rN+ Stlth+} (You bought
                  | it in a shop in the Dungeon)
  6780 | D        | Bought a scroll of enchant weapon for 217 gold pieces
  6812 | D        | Noticed Snorg
  6822 | D        | Killed Snorg
  6823 | D        | Gained mutation: Your large and strong wings let you fly.
                  | [Gargoyle growth]
  6823 | D        | Reached XP level 14. HP: 110/110 MP: 14/14
  6868 | D        | Bought a shiny plate armour for 754 gold pieces
  6873 | D        | Bought a scroll labelled OBLOISYGI for 29 gold pieces
  6873 | D        | Bought a brown potion for 26 gold pieces
  6873 | D        | Bought a jewelled iron wand for 116 gold pieces
  6992 | D        | Noticed Kirke
  7155 | D        | Killed Kirke
  7156 | D        | Reached skill level 1 in Unarmed Combat
  7218 | D        | Noticed Nergalle
  7239 | D        | Killed Nergalle
  7240 | D        | Reached skill level 15 in Shields
  7341 | D        | Bought a faintly humming tower shield for 237 gold pieces
  7341 | D        | Identified the +4 tower shield of Ruzus {Contam Harm rN+++
                  | Str+4} (You bought it in a shop in the Dungeon)
  7346 | D        | Bought a faintly humming cloak for 237 gold pieces
  7346 | D        | Identified the +2 cloak of the Jackalope {rN++} (You bought
                  | it in a shop in the Dungeon)
  7346 | D        | Bought a glowing helmet for 187 gold pieces
  7478 | D        | Noticed a frost giant
  7478 | D        | Noticed a vampire knight
  7478 | D        | Noticed a stone giant
  7480 | D        | Noticed a lich
  7481 | D        | Noticed a fire giant
  7483 | D        | Noticed a green very ugly thing
  7487 | D        | Killed a frost giant
  7490 | D        | Killed a vampire knight
  7491 | D        | Noticed a storm dragon
  7494 | D        | Killed a stone giant
  7501 | D        | Killed a lich
  7505 | D        | Noticed a spriggan defender
  7508 | D        | Killed a fire giant
  7512 | D        | Killed a green very ugly thing
  7513 | D        | Reached skill level 15 in Stealth
  7516 | D        | Noticed a stone giant
  7520 | D        | Noticed a lich
  7525 | D        | Killed a storm dragon
  7529 | D        | Noticed a stone giant
  7531 | D        | Killed a spriggan defender
  7535 | D        | Killed a stone giant
  7542 | D        | Killed a lich
  7549 | D        | Killed a stone giant
  7621 | D        | Noticed an orc warlord
  7621 | D        | Noticed an ironbound preserver
  7623 | D        | Paralysed by a great orb of eyes for 4 turns
  7656 | D        | Killed an orc warlord
  7656 | D        | Killed an ironbound preserver
  7659 | D        | Paralysed by a great orb of eyes for 2 turns
  7677 | D        | Noticed an ironbound preserver
  7694 | D        | Killed an ironbound preserver
  7695 | D        | Reached XP level 15. HP: 110/120 MP: 15/15
  7839 | D        | Noticed an Orb Guardian
  7839 | D        | Noticed an Orb Guardian
  7845 | D        | Killed an Orb Guardian
  7846 | D        | Reached skill level 15 in Armour
  7854 | D        | Killed an Orb Guardian
  7858 | D        | Reached skill level 5 in Throwing
  7884 | D        | Paralysed by a vampire knight for 3 turns
  7949 | D        | Noticed an emperor scorpion
  7956 | D        | Killed an emperor scorpion
  8245 | D        | Got a decaying rune of Zot
  8369 | D        | Noticed a nagaraja
  8369 | D        | Noticed a nagaraja
  8370 | D        | Noticed a nagaraja
  8375 | D        | Killed a nagaraja
  8376 | D        | Noticed a nagaraja
  8383 | D        | Killed a nagaraja
  8386 | D        | Killed a nagaraja
  8389 | D        | Killed a nagaraja
  8449 | D        | Got a serpentine rune of Zot
  8555 | D        | Noticed Ilsuiw
  8596 | D        | Killed Ilsuiw
  8618 | D        | Reached XP level 16. HP: 119/131 MP: 16/16
  8629 | D        | Got a barnacled rune of Zot
  8788 | D        | Got a gossamer rune of Zot
  8910 | D        | Noticed Louise
  8933 | D        | Killed Louise
  9015 | D        | Reached skill level 27 in Fighting
  9197 | D        | Noticed a lich
  9197 | D        | Noticed a golden dragon
  9223 | D        | Killed a lich
  9306 | D        | Killed a golden dragon
  9345 | D        | Noticed a Brimstone Fiend
  9347 | D        | Noticed a shadow dragon
  9358 | D        | Noticed a shadow dragon
  9360 | D        | Killed a shadow dragon
  9371 | D        | Killed a shadow dragon
  9378 | D        | Reached skill level 27 in Maces & Flails
  9385 | D        | Reached XP level 17. HP: 139/139 MP: 17/17
  9486 | D        | Noticed an ancient lich
  9490 | D        | Noticed a quicksilver dragon
  9500 | D        | Killed an ancient lich
  9501 | D        | Reached skill level 27 in Shields
  9501 | D        | Identified the +0 hand axe "Secret Weapon" {holy, *Corrode
                  | rElec rN+}
  9515 | D        | Identified the +6 falchion of the Old World {freeze, Drain
                  | Int+8 Dex-4 Stlth+}
  9539 | D        | Killed a quicksilver dragon
  9542 | D        | Identified the +5 dagger of Laq Tyosh {protect, rElec
                  | rCorr}
  9552 | D        | Got a silver rune of Zot
  9574 | D        | Identified the +7 long sword of the Mind {holy, rC++ rN+
                  | Int+3 Dex-3}
  9593 | D        | Noticed Aizul
  9601 | D        | Killed Aizul
  9614 | D        | Noticed Margery
  9617 | D        | Noticed Mennas
  9624 | D        | Killed Margery
  9625 | D        | Reached skill level 5 in Evocations
  9654 | D        | Killed Mennas
  9669 | D        | Noticed Nikola
  9670 | D        | Noticed Boris
  9808 | D        | Killed Boris
  9927 | D        | Killed Nikola
 10005 | D        | Got the ring "Wosigu" {rF+ rC+ rN+ MP+9 Slay+3}
 10007 | D        | Got the ring "Zauc" {Contam rPois rC+ Dex+8 Slay-3}
 10009 | D        | Got the ring "Soxzoeph" {rF++ Str+6 Int+3 Dex+3}
 10011 | D        | Got the ring "Xorphylla" {Fire Int+4}
 10082 | D        | Bought a scroll of identify for 24 gold pieces
 10082 | D        | Bought a lightning rod (4/4) for 360 gold pieces
 10082 | D        | Bought a potion of mutation for 96 gold pieces
 10087 | D        | Bought a scroll of magic mapping for 97 gold pieces
 10087 | D        | Bought a scroll of identify for 26 gold pieces
 10087 | D        | Bought a scroll of identify for 26 gold pieces
 10098 | D        | Noticed Sojobo
 10102 | D        | Paralysed by an air elemental for 1 turns
 10118 | D        | Killed Sojobo
 10165 | D        | Noticed Frederick
 10177 | D        | Killed Frederick
 10217 | D        | Reached skill level 10 in Throwing
 10397 | D        | Noticed a tentacled monstrosity
 10413 | D        | Reached XP level 18. HP: 145/145 MP: 18/18
 10419 | D        | Killed a tentacled monstrosity
 10708 | D        | Noticed a tentacled monstrosity
 10726 | D        | Killed a tentacled monstrosity
 10831 | D        | Bought a potion of haste for 160 gold pieces
 10835 | D        | Noticed a tentacled monstrosity
 10845 | D        | Reached skill level 27 in Stealth
 10853 | D        | Killed a tentacled monstrosity
 10854 | D        | Reached skill level 27 in Armour
 10873 | D        | Reached skill level 15 in Throwing
 10912 | D        | Bought a condenser vane for 1560 gold pieces
 10912 | D        | Bought a potion of curing for 117 gold pieces
 10912 | D        | Bought a potion of heal wounds for 195 gold pieces
 10912 | D        | Bought a jewelled wooden wand for 156 gold pieces
 10988 | D        | Noticed an Orb Guardian
 10988 | D        | Noticed an Orb Guardian
 10988 | D        | Noticed an Orb Guardian
 10988 | D        | Noticed an Orb Guardian
 10988 | D        | Noticed an Orb Guardian
 10988 | D        | Noticed an Orb Guardian
 10991 | D        | Killed an Orb Guardian
 10993 | D        | Noticed an Orb Guardian
 10995 | D        | Killed an Orb Guardian
 11003 | D        | Killed an Orb Guardian
 11005 | D        | Killed an Orb Guardian
 11006 | D        | Reached skill level 15 in Dodging
 11007 | D        | Noticed an Orb Guardian
 11008 | D        | Killed an Orb Guardian
 11018 | D        | Killed an Orb Guardian
 11021 | D        | Noticed an Orb Guardian
 11022 | D        | Killed an Orb Guardian
 11029 | D        | Killed an Orb Guardian
 11031 | D        | Noticed an Orb Guardian
 11037 | D        | Killed an Orb Guardian
 11046 | D        | Killed an Orb Guardian
 11076 | D        | Noticed an Orb Guardian
 11079 | D        | Noticed an Orb Guardian
 11082 | D        | Killed an Orb Guardian
 11083 | D        | Noticed an Orb Guardian
 11096 | D        | Killed an Orb Guardian
 11101 | D        | Killed an Orb Guardian
 11118 | D        | Noticed an ancient lich
 11124 | D        | Killed an ancient lich
 11128 | D        | Noticed an orb of fire
 11360 | D        | Killed an orb of fire
 11361 | D        | Reached XP level 19. HP: 137/151 MP: 19/19
 11368 | D        | Noticed an electric golem
 11376 | D        | Killed an electric golem
 11389 | D        | Noticed an orb of fire
 11389 | D        | Noticed a Killer Klown
 11389 | D        | Noticed an orb of fire
 11392 | D        | Killed a Killer Klown
 11393 | D        | Killed an orb of fire
 11393 | D        | Noticed an electric golem
 11395 | D        | Killed an electric golem
 11395 | D        | Noticed an orb of fire
 11396 | D        | Noticed a golden dragon
 11399 | D        | Killed an orb of fire
 11401 | D        | Noticed an orb of fire
 11402 | D        | Gained mutation: You have a somewhat thin skeletal
                  | structure. (Dex +2, Stealth+) [an orb of fire]
 11405 | D        | Noticed a golden dragon
 11408 | D        | Noticed a golden dragon
 11411 | D        | Killed an orb of fire
 11417 | D        | Noticed a golden dragon
 11422 | D        | Killed an orb of fire
 11428 | D        | Killed a golden dragon
 11436 | D        | Killed a golden dragon
 11445 | D        | Killed a golden dragon
 11449 | D        | Killed a golden dragon
 11496 | D        | Reached skill level 27 in Throwing
 11645 | D        | Noticed an ancient lich
 11651 | D        | Killed an ancient lich
 11751 | D        | Reached XP level 20. HP: 157/157 MP: 20/20
 11775 | D        | Noticed a Brimstone Fiend
 11824 | D        | Got an elven rune of Zot
 11889 | D        | Bought a scroll of enchant weapon for 150 gold pieces
 11889 | D        | Bought a scroll of enchant armour for 150 gold pieces
 11891 | D        | Bought a jet-encrusted scale mail for 414 gold pieces
 11891 | D        | Identified the +5 scale mail "Liam" {Will+ Dex-4 SInv} (You
                  | bought it in a shop in the Dungeon)
 11898 | D        | Bought a potion of curing for 57 gold pieces
 11898 | D        | Bought a potion of berserk rage for 95 gold pieces
 11943 | D        | Paralysed by a floating eye for 4 turns
 11944 | D        | Reached skill level 27 in Dodging
 11949 | D        | Paralysed by a floating eye for 4 turns
 11950 | D        | Noticed the Royal Jelly
 11955 | D        | Reached skill level 1 in Conjurations
 11955 | D        | Reached skill level 1 in Fire Magic
 11955 | D        | Reached skill level 1 in Ice Magic
 11955 | D        | Reached skill level 1 in Earth Magic
 11955 | D        | Reached skill level 1 in Poison Magic
 11955 | D        | Reached skill level 1 in Invocations
 11956 | D        | Reached skill level 1 in Short Blades
 11956 | D        | Reached skill level 1 in Staves
 11956 | D        | Reached skill level 1 in Ranged Weapons
 11956 | D        | Reached skill level 1 in Spellcasting
 11956 | D        | Reached skill level 1 in Hexes
 11956 | D        | Reached skill level 1 in Summonings
 11956 | D        | Reached skill level 1 in Necromancy
 11956 | D        | Reached skill level 1 in Translocations
 11956 | D        | Reached skill level 1 in Transmutations
 11956 | D        | Reached skill level 1 in Air Magic
 11960 | D        | Killed the Royal Jelly
 12043 | D        | Got a slimy rune of Zot
 12175 | D        | Reached skill level 15 in Evocations
 12243 | D        | Bought a scroll of enchant weapon for 135 gold pieces
 12377 | D        | Noticed a royal mummy
 12377 | D        | Noticed a royal mummy
 12377 | D        | Noticed a royal mummy
 12379 | D        | Noticed a royal mummy
 12383 | D        | Killed a royal mummy
 12385 | D        | Killed a royal mummy
 12385 | D        | Killed a royal mummy
 12387 | D        | Killed a royal mummy
 12396 | D        | Noticed a royal mummy
 12400 | D        | Killed a royal mummy
 12640 | D        | Got a golden rune of Zot
 12696 | D        | Got an abyssal rune of Zot
 12852 | D        | Noticed Geryon
 12859 | D        | Killed Geryon
 12873 | D        | Bought the +2 hat of the Bear Spirit {Spirit, *Rage Will++}
                  | for 1116 gold pieces
 12873 | D        | Found the +2 hat of the Bear Spirit {Spirit, *Rage Will++}
 12873 | D        | Bought a scroll of identify for 64 gold pieces
 12873 | D        | Bought a potion of haste for 320 gold pieces
 12873 | D        | Bought a scroll labelled IKEYMA NUAX for 32 gold pieces
 12883 | D        | Found the +6 sword of Cerebov {flame}
 12883 | D        | Noticed Cerebov
 12883 | D        | Noticed Antaeus
 12884 | D        | Noticed Mnoleg
 12886 | D        | Noticed Gloorx Vloq
 12898 | D        | Killed Cerebov
 12899 | D        | Reached XP level 21. HP: 163/163 MP: 22/22
 12907 | D        | Killed Antaeus
 12908 | D        | Reached skill level 27 in Evocations
 13060 | D        | Paralysed by a floating eye for 3 turns
 13067 | D        | Paralysed by a floating eye for 2 turns
 13079 | D        | Paralysed by a floating eye for 3 turns
 13089 | D        | Killed Mnoleg
 13090 | D        | Reached skill level 5 in Unarmed Combat
 13132 | D        | Killed Gloorx Vloq
 13165 | D        | Found the +7 sceptre of Asmodeus
 13165 | D        | Noticed Asmodeus
 13183 | D        | Killed Asmodeus
 13184 | D        | Reached skill level 5 in Conjurations
 13184 | D        | Reached skill level 5 in Earth Magic
 13189 | D        | Got a fiery rune of Zot
 13193 | D        | Got an icy rune of Zot
 13198 | D        | Got a glowing rune of Zot
 13200 | D        | Noticed Ereshkigal
 13238 | D        | Bought a potion of mutation for 136 gold pieces
 13238 | D        | Bought a potion of curing for 51 gold pieces
 13238 | D        | Bought a potion of attraction for 51 gold pieces
 13238 | D        | Bought a potion of curing for 51 gold pieces
 13238 | D        | Bought a potion of heal wounds for 85 gold pieces
 13253 | D        | Killed Ereshkigal
 13254 | D        | Reached skill level 5 in Spellcasting
 13254 | D        | Reached skill level 5 in Hexes
 13254 | D        | Reached skill level 5 in Summonings
 13254 | D        | Reached skill level 5 in Fire Magic
 13254 | D        | Reached skill level 5 in Ice Magic
 13254 | D        | Reached skill level 5 in Poison Magic
 13326 | D        | Got a dark rune of Zot
 13328 | D        | Found the +4 staff of Dispater
 13328 | D        | Noticed Dispater
 13378 | D        | Killed Dispater
 13379 | D        | Reached skill level 5 in Translocations
 13432 | D        | Got an obsidian rune of Zot
 13434 | D        | Noticed Lom Lobon
 13470 | D        | Killed Lom Lobon
 13471 | D        | Reached skill level 5 in Necromancy
 13471 | D        | Reached skill level 5 in Transmutations
 13471 | D        | Reached skill level 5 in Air Magic
 13474 | D        | Got an iron rune of Zot
 13478 | D        | Got a magical rune of Zot
 13485 | D        | Got a bone rune of Zot
 13896 | D        | Got the Orb of Zot
 14744 | D        | Paralysed by a great orb of eyes for 3 turns
 15222 | D        | Noticed Apoudoll the pandemonium lord
 15228 | D        | Killed Apoudoll the pandemonium lord
 15229 | D        | Reached skill level 10 in Earth Magic
 15232 | D        | Bought a scroll of butterflies for 96 gold pieces
 15323 | D        | Reached skill level 10 in Conjurations
 15788 | D        | Escaped with the Orb!

Illustrated notes

Levels and vault maps discovered:
D:        linesprint [early_d, line_temple, items_1, d_10, items_2, lair_1,
          lair_end, items_3, orc_1, orc_end, items_4, d_15, swamp_1, shoals_1,
          snake_1, spider_1, d_20, vaults_1, items_5, swamp_end, shoals_end,
          snake_end, spider_end, vaults_end, d_27, items_6, zot_1, zot_end,
          crypt_end, forest_end, elf_end, slime_end, tomb_end, abyss_end,
          pan_hell_end]

Skill      XL: |  1  2  3  4  5  6  7  8  9 10 11 12 13 14 15 16 17 18 19 20 21 |
---------------+----------------------------------------------------------------+-----
Shields        | 5 6 7 8 9 10 11 12 13 14 17 21 26 27 | 27.0
Fighting       | 5 6 7 8 9 10 12 15 18 21 23 26 27 | 27.0
Maces & Flails | 4 5 8 9 11 13 14 16 18 19 21 22 24 27 | 27.0
Armour         | 5 7 8 9 10 11 12 13 14 16 17 24 27 | 27.0
Dodging        | 1 2 4 5 6 7 9 10 11 12 13 17 24 27 | 27.0
Stealth        | 2 4 8 9 11 13 15 17 19 24 27 | 27.0
Evocations     | 1 2 3 6 26 27 | 27.0
Throwing       | 1 4 5 11 21 27 | 27.0
Unarmed Combat | 4 5 |  5.7
Conjurations   | 1 10 | 10.4
Fire Magic     | 1 9 |  9.1
Ice Magic      | 1 9 |  9.1
Earth Magic    | 1 10 | 10.8
Poison Magic   | 1 9 |  9.1
Invocations    | 1 3 |  3.3
Short Blades   | 1 2 |  2.7
Staves         | 1 2 |  2.9
Ranged Weapons | 1 2 |  2.9
Spellcasting   | 1 8 |  8.8
Hexes          | 1 8 |  8.8
Summonings     | 1 8 |  8.8
Necromancy     | 1 7 |  7.6
Translocations | 1 8 |  8.3
Transmutations | 1 7 |  7.5
Air Magic      | 1 7 |  7.6
Long Blades    | 2 |  2.6
Axes           | 2 |  2.6
Polearms       | 2 |  2.6

Action                   |  1- 3 |  4- 6 |  7- 9 | 10-12 | 13-15 | 16-18 | 19-21 || total
-------------------------+-------+-------+-------+-------+-------+-------+-------++-------
Melee: Flail             |    32 |    42 |    86 |   226 |       |       |       ||   386
       Morningstar       |       |       |       |   209 |       |       |   427 ||   636
       Eveningstar       |       |       |       |   110 |   521 |   740 |   187 ||  1558
       Unarmed           |       |       |       |       |    13 |       |       ||    13
Throw: Boomerang         |       |       |       |     2 |     1 |       |     4 ||     7
       Javelin           |       |       |       |       |    16 |    12 |    30 ||    58
Invok: Potion Petition   |       |       |     1 |     1 |     2 |     2 |     3 ||     9
       Call Merchant     |       |       |       |     2 |     2 |     6 |     9 ||    19
Evoke: Wand              |       |       |     2 |     3 |     3 |     1 |       ||     9
       Condenser vane    |       |       |       |       |       |       |     2 ||     2
       Horn of Geryon    |       |       |       |       |       |       |     1 ||     1
  Use: Potion            |     1 |     4 |     6 |     2 |     3 |     3 |    17 ||    36
       Scroll            |       |       |       |     4 |       |    14 |    21 ||    39
 Stab: Distracted        |       |       |     1 |     5 |    11 |    15 |    12 ||    44
       Invisible         |       |       |     6 |     2 |    12 |     2 |    10 ||    32
       Sleeping          |       |       |       |       |       |     1 |     8 ||     9
Armor: Scale mail        |    17 |     9 |       |       |       |       |       ||    26
       Ring mail         |       |     5 |    31 |   130 |    88 |       |       ||   254
       Skin              |       |       |     3 |       |       |       |       ||     3
       Plate armour      |       |       |       |       |   131 |   149 |   166 ||   446
Dodge: Dodged            |    17 |    13 |    32 |   164 |   227 |   137 |   155 ||   745
Block: Buckler           |     4 |    10 |    17 |    84 |    73 |       |       ||   188
       Tower shield      |       |       |       |       |   218 |   501 |   450 ||  1169

Table legend: (Time is in decaauts) A = Elapsed time spent in this place. B = Non-inter-level travel time spent in this place. C = Inter-level travel time spent in this place. D = Time resting spent in this place. E = Time spent auto-exploring this place. F = Levels seen in this place. G = Mean time per level. A B C D E F G +--------+--------+--------+--------+--------+-----+--------+ Total | 15080 | 14682 | 398 | 2642 | 4067 | 1 | 15080.0 | Dungeon | 15080 | 14682 | 398 | 2642 | 4067 | 1 | 15080.0 | +--------+--------+--------+--------+--------+-----+--------+

Top non-repeatable levels by time:
       D: 15080 daAuts
